 Dungeon Crawl Stone Soup version 0.28.0-45-g0d030f2227 (webtiles) character file.

Game seed: 4471050363600142507

725 pkoi the Insei (level 7, 0/58 HPs)
             Began as a Demigod Gladiator on Apr 19, 2022.
             Slain by Natasha (6 damage)
             ... on level 4 of the Dungeon.
             The game lasted 00:04:01 (4953 turns).

pkoi the Insei (Demigod Gladiator)                  Turns: 4953, Time: 00:04:01

Health: 0/58       AC:  3    Str: 21    XL:     7   Next: 19%
Magic:  3/3        EV: 14    Int: 13    God:
Gold:   150        SH:  0    Dex: 19    Spells: 6/6 levels left

rFire   x . .      SeeInvis .   e - +9 short sword of Patience {antimagic, rF- rN++ Str+2 Int+3}
rCold   . . .      Faith    .   (no shield)
rNeg    + + .      Spirit   .   g - +0 robe
rPois   .          Reflect  .   b - +0 helmet
rElec   .          Harm     .   (no cloak)
rCorr   .          Rampage  .   (no gloves)
Will    .....                   (no boots)
Stlth   ++........              (no amulet)
HPRegen 0.19/turn               (no ring)
MPRegen 0.08/turn               (no ring)

@: slowed, very slow
A: high MP 1, forlorn, divine attributes
a: no special abilities


You were on level 4 of the Dungeon.
You visited 1 branch of the dungeon, and saw 4 of its levels.

You collected 150 gold pieces.

Inventory:

Hand Weapons
 e - the +9 short sword of Patience (weapon) {antimagic, rF- rN++ Str+2 Int+3}
   (You found it on level 3 of the Dungeon)

   It reduces the magical energy of the wielder, and disrupts the spells and
   magical abilities of those it strikes.
   Natural abilities and divine invocations are not affected.
   Str:       It affects your strength (+2).
   Int:       It affects your intelligence (+3).
   rF:        It makes you vulnerable to fire.
   rN:        It greatly protects you from negative energy.
 f - a +2 dagger of flaming
 i - a +1 whip of venom
 k - a +0 rapier
Missiles
 c - 3 throwing nets (quivered)
Armour
 a - a +0 leather armour
 b - a +0 helmet (worn)
 g - a +0 robe (worn)
Wands
 n - a wand of polymorph (6)
Scrolls
 d - 4 scrolls of teleportation
 l - a scroll of blinking {unknown}
 m - a scroll of enchant weapon {unknown}
 o - 3 scrolls of identify
Potions
 h - a potion of mutation
 j - a potion of cancellation {unknown}


   Skills:
 + Level 3.6 Fighting
 - Level 1.7 Throwing
 + Level 4.2 Dodging
 * Level 6.2 Unarmed Combat
 + Level 1.4 Evocations


You had 6 spell levels left.
You didn't know any spells.
Your spell library was empty.

Dungeon Overview and Level Annotations

Branches:
Dungeon (4/15)
 Temple: D:4-7

Annotations:
D:4 Natasha


Innate Abilities, Weirdness & Mutations

You have an increased reservoir of magic. (+10% MP)
You shall have no god before yourself.
Your divine heritage dramatically boosts your attributes as you level up.


Message History

You puncture Blork the orc!
You kill Blork the orc!
The crimson imp misses you.
Natasha howls an incantation.
You feel disoriented.
The crimson imp hits you but does no damage.
You hit the kobold.
The kobold is heavily wounded.
The kobold closely misses you. The crimson imp closely misses you.
The kobold closely misses you.
Unknown command.
You hit the kobold.
You kill the kobold!
The crimson imp closely misses you. The crimson imp hits you.
* * * LOW HITPOINT WARNING * * *
Natasha barely misses you.
You closely miss Natasha.
The crimson imp blinks!
The crimson imp misses you.
Natasha stares at you and mumbles some strange words.
You easily resist.
The crimson imp hits you.
* * * LOW HITPOINT WARNING * * *
Natasha closely misses you.
Unknown command.
You barely miss Natasha.
The crimson imp blinks!
The crimson imp hits you.
* * * LOW HITPOINT WARNING * * *
Natasha barely misses you.
Unknown command.
You closely miss Natasha. The crimson imp hits you.
* * * LOW HITPOINT WARNING * * *
Natasha claws you.
* * * LOW HITPOINT WARNING * * *
The crimson imp grinds its teeth.
The crimson imp hits you.
* * * LOW HITPOINT WARNING * * *
Natasha claws you.
* * * LOW HITPOINT WARNING * * *
You puncture Natasha!
Natasha's magic leaks into the air.
Natasha is heavily wounded.
The shadow imp disappears in a puff of smoke!
The crimson imp completely misses you. Natasha claws you.
You die...

####### ....... .......
###### ....... #....#
.......######....#########
.......5h@5.'.............
.......######..).##.#..##.
....... #....##.#..##.
....... ##....##.#.....
....... #.†..###.#.####
############.##.# #.#.#
........<#.# #.#.#
#####.#..#.# #.#.# #######
#.#..#.# #.#.#


You could see Natasha (magic disrupted) and 2 crimson imps.

Vanquished Creatures
  Grinder (D:4)
  A necrophage (D:4)
  An ogre (D:4)
  Blork the orc (D:4)
  A bullfrog (D:4)
  A hound (D:4)
  A jelly (D:4)
  An iguana (D:3)
  3 gnolls (D:4)
  3 adders (D:2)
  2 worms
  3 dart slugs
  5 endoplasms
  5 giant cockroaches
  3 goblins
  11 hobgoblins
  3 quokkas
  12 ball pythons
  5 bats
  A frilled lizard (D:1)
  8 kobolds
  6 rats
78 creatures vanquished.

Vanquished Creatures (others)
  A fungus (D:1)
  2 plants (D:1)
3 creatures vanquished.

Grand Total: 81 creatures vanquished

Notes
Turn   | Place    | Note
-------+----------+-------------------------------------------
     0 | D:1      | pkoi the Demigod Gladiator began the quest for the Orb.
     0 | D:1      | Reached XP level 1. HP: 17/17 MP: 3/3
    52 | D:1      | Reached skill level 3 in Unarmed Combat
   257 | D:1      | Reached XP level 2. HP: 24/24 MP: 4/4
   827 | D:2      | Reached XP level 3. HP: 16/29 MP: 5/5
   894 | D:2      | Reached skill level 4 in Unarmed Combat
  2339 | D:3      | Reached XP level 4. HP: 33/36 MP: 6/6
  2797 | D:3      | Identified the +9 short sword of Patience {antimagic, rF-
                  | rN++ Str+2 Int+3}
  3551 | D:4      | Noticed a bullfrog
  3557 | D:4      | Killed a bullfrog
  3558 | D:4      | Reached XP level 5. HP: 35/42 MP: 2/7
  3731 | D:4      | Noticed Grinder
  3736 | D:4      | Paralysed by Grinder for 3 turns
  3742 | D:4      | Killed Grinder
  3743 | D:4      | Reached skill level 5 in Unarmed Combat
  3743 | D:4      | Reached XP level 6. HP: 44/51 MP: 2/8
  4769 | D:4      | Reached skill level 6 in Unarmed Combat
  4769 | D:4      | Reached skill level 1 in Evocations
  4769 | D:4      | Reached XP level 7. HP: 43/57 MP: 3/9
  4928 | D:4      | Noticed Blork the orc
  4935 | D:4      | Noticed Natasha
  4947 | D:4      | Killed Blork the orc
  4953 | D:4      | Slain by Natasha

Illustrated notes

Levels and vault maps discovered:
D:1:      scummos_arrival_star, layout_rooms, shapermc_ecumenical_altar_ellora,
          hangedman_decor_slide_cut
D:2:      layout_basic, ebering_dispersal_statue_hall
D:3:      layout_loops_ring, corexii_corridor_pit
D:4:      minmay_angry_zag, layout_basic, uniq_natasha, uniq_grinder,
          uniq_blork_the_orc

Skill      XL: |  1  2  3  4  5  6 |
---------------+-------------------+-----
Unarmed Combat | 3 4 5 6 |  6.2
Fighting       | 2 3 |  3.6
Dodging        | 3 4 |  4.2
Evocations     | 1 |  1.4
Throwing       | |  1.7

Action                   |  1- 3 |  4- 6 |  7- 9 || total
-------------------------+-------+-------+-------++-------
Melee: Unarmed           |    57 |       |       ||    57
       Dagger            |    43 |       |       ||    43
       Punch             |     3 |     1 |       ||     4
       Whip              |    40 |     3 |       ||    43
       Short sword       |       |    80 |    14 ||    94
  Use: Scroll            |       |     4 |       ||     4
       Potion            |       |     1 |       ||     1
 Stab: Sleeping          |     4 |     2 |       ||     6
Armor: Leather armour    |    30 |       |       ||    30
       Robe              |    13 |     8 |     3 ||    24
Dodge: Dodged            |    99 |    54 |    21 ||   174
